 Dungeon Crawl Stone Soup version 0.18-a0-824-g47fe746 (webtiles) character file.

11935 tof the Protected (level 11, 0/100 HPs)
             Began as a Minotaur Monk on Dec 17, 2015.
             Was a High Priest of Trog.
             Slain by a rust devil (5 damage)
             ... summoned by an orc high priest
             ... while paralysed by an orc sorcerer
             ... on level 2 of the Orcish Mines.
             The game lasted 01:26:25 (14025 turns).

tof the Protected (Minotaur Monk)                  Turns: 14025, Time: 01:26:26

Health: 0/100      AC:  0    Str: 16    XL:     11   Next: 55%
Magic:  19/19      EV:  2    Int:  7    God:    Trog [*****.]
Gold:   1684       SH:  0    Dex: 23    Spells: 0 memorised, 10 levels left

rFire  + . .     SeeInvis .     a - +7 broad axe "Ejeinoad" {venom, -Tele Dex+7}
rCold  . . .     Gourm    .     J - +0 crystal plate armour
rNeg   . . .     Faith    .     (no shield)
rPois  .         Spirit   .     (helmet restricted)
rElec  .         Dismiss  .     t - +0 cloak
rCorr  .         Reflect  +     C - +1 pair of gloves
SustAt .         Harm     .     (no boots)
MR     .....     NoTele   +     r - +3 amulet of reflection
Stlth  ..........               z - +3 ring of protection
                                c - ring of Fedodwu {+Inv rF+ MP+9 Stlth-}

@: paralysed, corroded equipment, drained, not resistant to hostile
enchantments, extremely unstealthy
A: retaliatory headbutt, horns 2
a: Berserk, Trog's Hand, Brothers in Arms, Burn Spellbooks, Renounce Religion,
Evoke Invisibility


You were on level 2 of the Orcish Mines.
You worshipped Trog.
Trog was extremely pleased with you.
You were not hungry.

You visited 2 branches of the dungeon, and saw 12 of its levels.
You also visited: Bailey.

You collected 1684 gold pieces.

Inventory:

Hand Weapons
 a - the +7 broad axe "Ejeinoad" (weapon) {venom, -Tele Dex+7}
   (You took it off a centaur on level 9 of the Dungeon)

   It poisons the flesh of those it strikes.
   It affects your dexterity (+7).
   It prevents most forms of teleportation.
 D - a +4 scimitar of flaming
Missiles
 F - 3 tomahawks of dispersal (quivered)
 I - 4 tomahawks
Armour
 n - a +1 scale mail of fire resistance
 t - a +0 cloak (worn)
 v - a +3 leather armour
 C - a +1 pair of gloves (worn)
 J - a +0 crystal plate armour (worn)
Jewellery
 c - the ring of Fedodwu (left hand) {+Inv rF+ MP+9 Stlth-}
   (You found it in a bailey)

   [ring of loudness]

   It protects you from fire.
   It affects your magic capacity (+9).
   It lets you turn invisible.
   It makes you less stealthy.
 e - a +2 ring of evasion
 g - an uncursed ring of poison resistance
 i - an uncursed ring of see invisible
 r - a +3 amulet of reflection (around neck)
 z - a +3 ring of protection (right hand)
 E - an uncursed ring of flight
Wands
 d - a wand of digging (20)
 f - a wand of lightning (5)
 w - a wand of polymorph (15)
 x - a wand of flame (27)
 y - a wand of frost (17)
Scrolls
 k - 2 scrolls of remove curse
 m - 3 scrolls of identify
 p - 4 scrolls of fear
 A - a scroll of teleportation
Potions
 h - a potion of cancellation
 u - a potion of curing
 H - a potion of brilliance
Books
 B - a book of Ice

   Spells                             Type                      Level
   a - Ice Form                       Ice/Transmutation            4
   b - Metabolic Englaciation         Hexes/Ice                    5
   c - Ozocubu's Refrigeration        Ice                          6
   d - Bolt of Cold                   Conjuration/Ice              6
   e - Freezing Cloud                 Conjuration/Ice/Air          6
   f - Simulacrum                     Ice/Necromancy               6
   Trog disapproves of the use of such an item.
Miscellaneous
 l - a piece from Xom's chessboard
Comestibles
 b - 13 bread rations
 j - 4 chunks of flesh
 q - 3 meat rations


   Skills:
 + Level 10.2(9.0) Fighting
 - Level 7.7(6.6) Long Blades
 * Level 7.4(6.3) Axes
   Level 1.2(3.7) Maces & Flails
 + Level 13.1(11.7) Armour
 + Level 8.6(7.4) Dodging
 + Level 3.2(2.2) Stealth
 + Level 5.0(3.9) Unarmed Combat


You had 10 spell levels left.
You didn't know any spells.

Dungeon Overview and Level Annotations

Branches:
Dungeon (10/15)            Temple (0/1) D:5             Orc (2/2) D:10
    Elf (0/3) Orc:2
   Lair: D:8-11

Altars:
Cheibriados
Gozag
Nemelex Xobeh
Okawaru
Sif Muna
Trog
Vehumet
Xom
Yredelemnul

Shops:
D:4 (


Innate Abilities, Weirdness & Mutations

You reflexively headbutt those who attack you in melee.
You have a pair of horns on your head.


Message History

The rust devil completely resists.
The bolt of negative energy hits you!
You feel drained.
The red devil hits you from afar with a trident!
The orc knight roars a battlecry!
The orc high priest hits you with a mace.
The orc sorcerer gestures at you while chanting.
The bolt of negative energy hits you!
You feel drained.
* * * LOW HITPOINT WARNING * * *
The bolt of negative energy hits the rust devil.
The rust devil completely resists.
The rust devil hits you.
* * * LOW HITPOINT WARNING * * *
The rust devil corrodes you!
The orc high priest mumbles some strange prayers to Beogh.
The red devil hits you from afar with a trident!
* * * LOW HITPOINT WARNING * * *
The orc high priest hits you but does no damage.
The rust devil hits you!
* * * LOW HITPOINT WARNING * * *
The rust devil corrodes you! The rust devil hits you.
You die...

...##.......#
..............###
................##### #
.........#.....#....#.##
..........$............#
...............#..#.#.##
........44oo3.........###
..#...#.oo4............#
........o@4.43.....##....#
....$...)....>...### .....
................## ....#
.............#..###. #...
.$.................. #.#
..................... ##
.......%......#......
...............###.##
......^.....)...####


You could see an orc knight, a soul eater, 2 orc high priests, an ice devil, 3
rust devils, a ynoxinul, 2 orc sorcerers and a red devil.

Vanquished Creatures
  The ghost of cluie the Destroyer, a journeyman DsIE of Gozag (Orc:1)
  Erica (D:8)
  The ghost of conein the Basher, a novice MiFi (D:6)
  An ugly thing (D:8)
  Psyche (D:10)
  A centaur skeleton (D:10)
  6 trolls
  A slime creature (D:9)
  A two-headed ogre (Orc:2)
  Prince Ribbit (D:5)
  A spriggan (D:9)
  A steam dragon (D:9)
  A hill giant zombie (D:10)
  A wyvern (D:8)
  A warg (Orc:2)
  2 hungry ghosts
  Duvessa (D:4)
  A sky beast (D:6)
  7 centaurs
  2 phantoms (D:10)
  10 ogres
  7 orc warriors
  4 giant frogs
  8 gnoll sergeants (Bailey)
  A scorpion (D:7)
  2 troll zombies (D:10)
  Dowan (D:4)
  3 killer bees (D:5)
  5 crimson imps
  6 hounds
  A wasp zombie (D:8)
  10 orc priests
  2 jellies
  10 orc wizards
  2 giant frog zombies
  7 gnoll shamans
  11 worker ants
  2 iguanas (D:8)
  3 hound zombies
  3 ogre zombies (D:10)
  A hound skeleton (D:5)
  A worker ant zombie (D:6)
  9 adders
  26 gnolls
  3 shadow imps
  2 oozes
  An adder skeleton (D:6)
  3 worms
  44 orcs
  3 ball pythons
  6 giant cockroaches
  11 hobgoblins
  8 jackals (D:3)
  10 kobolds
  6 bats
  3 giant geckos
  A giant gecko skeleton (D:4)
  3 giant newts
  17 goblins
  A goblin skeleton (D:10)
  2 goblin zombies (D:10)
  2 hobgoblin skeletons (D:10)
  3 hobgoblin zombies (D:10)
  3 orc skeletons (D:10)
  10 orc zombies (D:10)
  7 quokkas
  4 rats
  A plant (D:3)
322 creatures vanquished.

Vanquished Creatures (collateral kills)
  An orc warrior (Orc:1)
  An ogre (Orc:2)
  3 orcs (Orc:1)
5 creatures vanquished.

Grand Total: 327 creatures vanquished

Notes
Turn   | Place    | Note
--------------------------------------------------------------
     0 | D:1      | tof the Minotaur Monk began the quest for the Orb.
     0 | D:1      | Reached XP level 1. HP: 19/19 MP: 0/0
   242 | D:1      | Reached XP level 2. HP: 20/27 MP: 1/1
   947 | D:2      | Reached XP level 3. HP: 22/33 MP: 2/2
  1198 | D:2      | Found a basalt altar of Yredelemnul.
  1206 | D:2      | Found an opulent altar of Gozag.
  1536 | D:2      | Found an iron altar of Okawaru.
  1597 | D:3      | Reached skill level 5 in Unarmed Combat
  1610 | D:3      | Reached skill level 1 in Armour
  1785 | D:3      | Reached skill level 1 in Maces & Flails
  1792 | D:3      | Reached XP level 4. HP: 40/40 MP: 3/3
  2091 | D:3      | Found a shimmering altar of Xom.
  2155 | D:3      | Found a radiant altar of Vehumet.
  2884 | D:3      | Found a deep blue altar of Sif Muna.
  2974 | D:4      | Noticed an ogre
  3185 | D:3      | Reached skill level 1 in Long Blades
  3263 | D:3      | Reached XP level 5. HP: 46/46 MP: 4/4
  3347 | D:3      | Killed an ogre
  3743 | D:4      | Noticed Duvessa
  3743 | D:4      | Noticed Dowan
  3911 | D:4      | Found Cosix's Weapon Emporium.
  4083 | D:4      | Killed Dowan
  4083 | D:4      | Reached XP level 6. HP: 34/53 MP: 5/5
  4225 | D:4      | Killed Duvessa
  4225 | D:4      | Reached skill level 5 in Armour
  4462 | D:4      | Found a bloodstained altar of Trog.
  4470 | D:4      | Became a worshipper of Trog the Wrathful
  4470 | D:4      | Reached * piety under Trog
  4470 | D:4      | Reached ** piety under Trog
  4598 | D:4      | Reached skill level 5 in Fighting
  4598 | D:4      | Reached XP level 7. HP: 61/61 MP: 6/6
  4747 | D:4      | Reached skill level 6 in Armour
  5097 | D:5      | Entered Level 5 of the Dungeon
  5249 | D:5      | Reached skill level 5 in Dodging
  5294 | D:5      | Reached skill level 7 in Armour
  5325 | D:5      | Reached XP level 8. HP: 59/70 MP: 7/7
  5414 | D:5      | Noticed Prince Ribbit
  5429 | D:5      | Killed Prince Ribbit
  5544 | D:5      | Found a staircase to the Ecumenical Temple.
  5612 | D:5      | Reached *** piety under Trog
  5643 | D:5      | Reached skill level 8 in Armour
  5815 | D:5      | Found a sparkling altar of Nemelex Xobeh.
  6393 | D:6      | Reached skill level 9 in Armour
  6615 | D:6      | Noticed conein's ghost (novice MiFi)
  6648 | D:6      | Killed conein's ghost
  6648 | D:6      | Reached skill level 5 in Long Blades
  6648 | D:6      | Reached XP level 9. HP: 40/79 MP: 8/8
  6870 | D:6      | Reached skill level 10 in Armour
  7571 | D:7      | Found a snail-covered altar of Cheibriados.
  8811 | D:8      | Noticed Erica
  8832 | D:8      | Killed Erica
  8832 | D:8      | Reached skill level 11 in Armour
  8832 | D:8      | Reached XP level 10. HP: 28/88 MP: 9/9
  9654 | D:9      | Noticed a green ugly thing
  9673 | D:8      | Killed a green ugly thing
  9677 | D:8      | Gained mutation: You are somewhat resistant to further mutation. [mutagenic meat]
  9678 | D:8      | Gained mutation: You have large cloven feet. [mutagenic meat]
  9679 | D:8      | Lost mutation: You are somewhat resistant to further mutation. [potion of cure mutation]
  9679 | D:8      | Lost mutation: You have large cloven feet. [potion of cure mutation]
  9836 | D:9      | Reached skill level 12 in Armour
 10747 | D:9      | Got an uncursed brightly glowing broad axe {venom}
 10748 | D:9      | Identified the +7 broad axe "Ejeinoad" {venom, -Tele Dex+7} (You took it off a centaur on level 9 of the Dungeon)
 10884 | D:9      | Reached **** piety under Trog
 11218 | D:10     | Entered Level 10 of the Dungeon
 11310 | D:10     | Noticed Psyche
 11316 | D:10     | Killed Psyche
 11316 | D:10     | Reached skill level 1 in Axes
 11489 | D:10     | Found a staircase to the Orcish Mines.
 11519 | Orc:1    | Entered Level 1 of the Orcish Mines
 11649 | Orc:1    | Reached XP level 11. HP: 92/97 MP: 10/10
 11652 | Orc:1    | Found a flagged portal.
 11670 | Bailey   | Entered a bailey
 12204 | Bailey   | Got a smoking turquoise ring
 12206 | Bailey   | Identified the ring of Fedodwu {+Inv rF+ MP+9 Stlth-} (You found it in a bailey)
 12614 | Orc:1    | Noticed cluie's ghost (journeyman DsIE)
 12642 | Orc:1    | Killed cluie's ghost
 12642 | Orc:1    | Reached skill level 5 in Axes
 12967 | Orc:1    | Reached ***** piety under Trog
 13213 | Orc:1    | Reached skill level 10 in Fighting
 13395 | Orc:2    | Entered Level 2 of the Orcish Mines
 13529 | Orc:2    | Reached skill level 13 in Armour
 13557 | Orc:2    | HP: 5/100 [orc knight/glaive (2)]
 13563 | Orc:2    | HP: 3/100 [orc knight/glaive (14)]
 13885 | Orc:2    | Found a staircase to the Elven Halls.
 13948 | Orc:2    | Noticed an orc high priest
 13949 | Orc:2    | Noticed an orc high priest
 14019 | Orc:2    | Paralysed by an orc sorcerer for 7 turns
 14022 | Orc:2    | Noticed a soul eater
 14025 | Orc:2    | HP: 5/100 [rust devil[an orc high priest] (9)]
 14025 | Orc:2    | Slain by a rust devil

Vault maps used:
D:1:      dpeg_arrival_tiny_f, minmay_misc_feat_enclosed
D:2:      nicolae_overflow_hidden_temple, serial_glass, glass_columns_a,
          glass_columns_a
D:3:      old_standard_altar, vehumet_crystals, lemuel_blue_sif_altar,
          mrwooster_statue_mirror, hangedman_decor_clover_reticule,
          serial_bayou_pond_a, kennysheep_cluttered_room
D:4:      lemuel_crystal_altar, serial_shops, shop, minmay_ogre_servants,
          uniq_duvessa
D:5:      minmay_temple_entry_hall, first_bread, nemelex_altar_shiori,
          uniq_prince_ribbit1
D:6:      serial_co_window_serial, co_window_paths_b,
          co_window_of_opportunity_a, co_window_corner_a,
          co_window_of_opportunity_a, co_window_corner_a,
          co_window_of_opportunity_c, co_window_broadway_a, co_window_paths_c,
          co_window_corner_b, co_window_paths_d, glass_columns_c,
          glass_columns_a, glass_columns_a, glass_columns_a
D:7:      cheibriados_altar_1
D:8:      uniq_erica
D:9:      the_bakery, glass_columns_b, minmay_radiant
D:10:     zombieorc2_lemuel, grunt_dithmenos_smoke, uniq_psyche
Orc:1:    lightli_bailey_entry_fortress
Orc:2:    grunt_orc_tribal_feast
Bailey:   bailey_polearm_gnolls_kennysheep, bailey

Action                   |  1- 3 |  4- 6 |  7- 9 | 10-12 || total
-------------------------+-------+-------+-------+-------++-------
Melee: Club              |   126 |    14 |       |       ||   140
       Unarmed           |     4 |       |       |       ||     4
       Falchion          |       |   142 |       |       ||   142
       Whip              |       |    17 |   301 |     3 ||   321
       Broad axe         |       |       |       |   240 ||   240
       Scimitar          |       |       |       |    74 ||    74
Invok: Berserk           |       |     1 |     3 |     1 ||     5
       Trog's Hand       |       |       |     1 |     1 ||     2
       Brothers in Arms  |       |       |       |     2 ||     2
       Burn Spellbooks   |       |       |       |     1 ||     1
Evoke: Wand              |       |       |     1 |     1 ||     2
  Use: Scroll            |     5 |     5 |     6 |     6 ||    22
       Potion            |     1 |     3 |     3 |     9 ||    16
 Stab: Sleeping          |     1 |       |       |       ||     1
       Invisible         |       |       |       |     3 ||     3
  Eat: Chunk             |     3 |     5 |     9 |     8 ||    25
       Bread ration      |       |     1 |       |     1 ||     2
       Beef jerky        |       |       |     3 |     2 ||     5
       Fruit             |       |       |     3 |       ||     3
       Meat ration       |       |       |       |     2 ||     2
       Pizza             |       |       |       |     1 ||     1
